[Event "Late-Titled-Tuesday-Blitz-May-28-2024"]
[Site "Chess.com"]
[Date "2024.05.28"]
[Round "2"]
[White "Nathan_Filgueiras"]
[Black "Nick12772"]
[Result "1-0"]
[WhiteElo "2571"]
[BlackElo "2361"]
[TimeControl "180+1"]
[EndTime "14:17:55 PDT"]
[Termination "Nathan_Filgueiras won on time"]

1. e4 e6 2. d4 d5 3. Nd2 Nf6 4. e5 Nfd7 5. Bd3 c5 6. c3 Nc6 7.
Ne2 cxd4 8. cxd4 f6 9. exf6 Nxf6 10. Nf3 Bd6 11. O-O Qc7 12. Bg5 O-O 13. Bh4 Nh5 14.
Qc2 h6 15. Bh7+ Kh8 16. Bg6 Rxf3 17. Bxh5 Rf8 18. Bg3 Bd7 19. Rac1 Rac8 20. a3 a5 21. Qd2 Be8 22. Bg4 Qd7 23. Rfe1 Bg6 24. Nf4 Bxf4 25.
Bxf4 Bf5 26. Bf3 a4 27. Bg3 Qf7 28. Rc5 Qf6 29. Rec1 Rcd8 30. Rd1 Rc8 31. Qc3 Rcd8 32. Qe3 Rc8 33. Rdc1 Rcd8 34. Rd1 Rc8 35. Rc3 Rcd8 36. h4 Rc8 37. h5 Rcd8 38. Rdc1 Qxd4 39. Qxd4 Nxd4 40.
Rc7 Nxf3+ 41. gxf3 b5 42. Be5 Rg8 43. Rb7 Bd3 44.
Rcc7 1-0

[Event "Late-Titled-Tuesday-Blitz-May-28-2024"]
[Site "Chess.com"]
[Date "2024.05.28"]
[Round "2"]
[White "DucksParadise"]
[Black "temus_galaktionov"]
[Result "0-1"]
[WhiteElo "2558"]
[BlackElo "2876"]
[TimeControl "180+1"]
[EndTime "14:17:56 PDT"]
[Termination "temus_galaktionov won by resignation"]

1. b3 c6 2. Bb2 d6 3. f4 Nd7 4. Nf3 Ngf6 5. e3 g6 6. Bc4 Bg7 7. Bxf7+ Kxf7 8. Ng5+ Kg8 9. Ne6 Qb6 10. g4 Ne8 11. Nxg7 Nxg7 12. Nc3 Nf6 13. Rg1 e5 14. fxe5 dxe5 15. Qf3 Nxg4 16. O-O-O Nxh2 17. Qe2 Bg4 18. Rxg4 Nxg4 19. Qc4+ Kf8 20. Rf1+ Nf5 21. Qxg4 Ke8 22. Ne4 Qc7 23. Rxf5 gxf5 24. Qh5+ Kd8 25. Qxf5 Re8 26. Ba3 b6 27. Nd6 Qd7 28. Qf6+ Kc7 29. Nc4 Re6 30. Qf3 Rae8 31. Qe4 b5 32. Na5 h5 33. Bc5 Kb8 34. a4 a6 35. axb5 cxb5 36.
d4 exd4 37. Qf4+ Qc7 38. Qxd4 Qxa5 39. Ba7+ Kb7 0-1

[Event "Late-Titled-Tuesday-Blitz-May-28-2024"]
[Site "Chess.com"]
[Date "2024.05.28"]
[Round "2"]
[White "Manukyan_Artak"]
[Black "lluiss"]
[Result "1-0"]
[WhiteElo "2568"]
[BlackElo "2174"]
[TimeControl "180+1"]
[EndTime "14:17:57 PDT"]
[Termination "Manukyan_Artak won by resignation"]

1. e4 c5 2. Nf3 d6 3. Bb5+ Bd7 4. Bxd7+ Nxd7 5. O-O Ngf6 6. Re1 e6 7. c3 Be7 8. d4 cxd4 9. cxd4 d5 10. e5 Ne4 11.
Nbd2 Nxd2 12. Bxd2 O-O 13. Re3 Rc8 14. Rb3 Nb6 15.
Ba5 Rc6 16. Rc1 Qd7 17. Bxb6 axb6 18. Rxc6 Qxc6 19. Rc3 Qb5 20. Qc2 Ra8 21. h4 h6 22.
Rc7 Bd8 23. Rc8 Qa6 24. Qc7 Rxc8 25. Qxc8 Qxa2 26. Qxd8+ Kh7 27. Qxb6 Qb1+ 28. Kh2 Qe4 29. Qb4 Qf4+ 30. Kh1 Qc1+ 31. Qe1 Qxb2 32. Qd2 Qb1+ 33. Kh2 Qf5 34. Ne1 b5 35. Qd3 Qxd3 36. Nxd3 Kg6 37. g4 h5 38. f3 f5 39. g5 Kf7 40. Kg3 Ke7 41. Kf2 Kd7 42. Ke3 Kc6 43. Kd2 Kb6 44.
Kc3 1-0

[Event "Late-Titled-Tuesday-Blitz-May-28-2024"]
[Site "Chess.com"]
[Date "2024.05.28"]
[Round "2"]
[White "Byniolus"]
[Black "Eloist"]
[Result "1-0"]
[WhiteElo "2731"]
[BlackElo "2448"]
[TimeControl "180+1"]
[EndTime "14:17:58 PDT"]
[Termination "Byniolus won on time"]

1. d4 e6 2. Nf3 Nf6 3. Bf4 d5 4. e3 c5 5. c3 Nc6 6. Nbd2 Bd6 7.
Bg3 O-O 8. Bd3 b6 9. Ne5 Qc7 10. f4 Ne7 11. Qf3 Nf5 12. Bf2 Be7 13. Rd1 Bb7 14.
O-O a5 15. g4 Nd6 16. Bh4 Nfe4 17. Bxe7 Qxe7 18. Qe2 f6 19. Nef3 a4 20. a3 Bc6 21.
Kh1 Qd7 22. Rg1 Bb5 23. Rg2 Bxd3 24. Qxd3 b5 25. g5 Nxd2 26. Qxd2 Ne4 27. Qe1 Kh8 28. Qh4 fxg5 29. Nxg5 Nxg5 30. Rxg5 cxd4 31. cxd4 Qd8 32. Rdg1 Ra7 33. Qh3 Qf6 34. Rh5 g6 35. Re5 Re7 36. Rc1 Kg7 37. Qf1 Rff7 38. Qxb5 Qh4 39. Qe2 Rf5 40.
Qe1 Qxe1+ 41. Rxe1 Rxe5 42. dxe5 Rc7 43. Re2 Rc1+ 44. Kg2 g5 45. Kf3 Kg6 46. e4 d4 47.
fxg5 Kxg5 48. Rg2+ Kh6 49. Rd2 1-0

[Event "Late-Titled-Tuesday-Blitz-May-28-2024"]
[Site "Chess.com"]
[Date "2024.05.28"]
[Round "2"]
[White "RaugintaBulba"]
[Black "Alex_Sahakyan2006"]
[Result "1-0"]
[WhiteElo "2437"]
[BlackElo "2785"]
[TimeControl "180+1"]
[EndTime "14:17:58 PDT"]
[Termination "RaugintaBulba won by resignation"]

1. d4 Nf6 2. c4 g6 3. Nc3 Bg7 4.
e4 d6 5. h3 O-O 6. Be3 c5 7. d5 b5 8. cxb5 a6 9. Nf3 axb5 10. Bxb5 Nxe4 11. O-O Bxc3 12. Qc2 Bf5 13. bxc3 Ng3 14. Qb2 Nxf1 15. Bh6 Nd7 16. c4 Nf6 17. Kxf1 Qa5 18. Bxf8 Rxf8 19. a4 Ne8 20. Re1 e5 21. dxe6 fxe6 22. Rd1 Qa8 23. Bxe8 Rxe8 24. Rxd6 Rb8 25.
Qd2 Rf8 26. a5 Bxh3 27. Kg1 Bxg2 28. Ng5 Bb7 29. Nxe6 Qc8 30. Qh6 Rf7 31. Rd8+ Qxd8 32. Nxd8 Bf3 33. Nxf7 Kxf7 1-0

[Event "Late-Titled-Tuesday-Blitz-May-28-2024"]
[Site "Chess.com"]
[Date "2024.05.28"]
[Round "2"]
[White "bubeliang"]
[Black "ChadBiryani"]
[Result "1-0"]
[WhiteElo "2806"]
[BlackElo "2542"]
[TimeControl "180+1"]
[EndTime "14:17:59 PDT"]
[Termination "bubeliang won by resignation"]

1. e4 d6 2. d4 Nf6 3. Nc3 e5 4.
Nf3 Nbd7 5. Bc4 Be7 6. dxe5 dxe5 7. Bxf7+ Kxf7 8. Ng5+ Kg8 9. Ne6 Qe8 10. Nxc7 Qg6 11.
Nxa8 Qxg2 12. Rf1 b6 13. Nc7 Bb4 14. Qe2 Bxc3+ 15. bxc3 h6 16. Nd5 Nxd5 17. exd5 Nc5 18. Be3 Ba6 19. c4 Ne4 20. O-O-O Nc3 21. Qd3 Nxd1 22.
Rxd1 Qg4 23. d6 Qd7 24. Qd5+ Kh7 25. Qxe5 Re8 26. Qd4 Re6 27. Bf4 Kh8 28. Be5 Kg8 29. Bxg7 Bxc4 30. Qxc4 Kxg7 31. Qxe6 Qxe6 32. d7 Qxa2 33.
d8=Q Qa1+ 34. Kd2 Qa5+ 35. Ke2 Qb5+ 36. Qd3 Qe5+ 37. Kd2 Qa5+ 38. Ke2 Qe5+ 39. Kf1 Qxh2 40. Qg3+ Qxg3 41. fxg3 1-0

[Event "Late-Titled-Tuesday-Blitz-May-28-2024"]
[Site "Chess.com"]
[Date "2024.05.28"]
[Round "2"]
[White "MatthewG-p4p"]
[Black "David_ATM"]
[Result "1-0"]
[WhiteElo "2841"]
[BlackElo "2423"]
[TimeControl "180+1"]
[EndTime "14:17:59 PDT"]
[Termination "MatthewG-p4p won on time"]

1. e4 e5 2. Nf3 Nc6 3. d4 d6 4. Bc4 exd4 5. Nxd4 Nxd4 6. Qxd4 Nf6 7. O-O Be7 8. Nc3 O-O 9. Re1 Be6 10. Bxe6 fxe6 11. e5 dxe5 12. Qxe5 Qd6 13. Qxe6+ Qxe6 14. Rxe6 Bb4 15. Be3 Bxc3 16. bxc3 Rfe8 17. Rxe8+ Rxe8 18. Rd1 b6 19. h3 c5 20. Kf1 Ne4 21. Rd7 Nxc3 22.
Rxa7 Nd5 23. Bd2 Re7 24. Rxe7 Nxe7 25. Ke2 Kf7 26. Kd3 Ke6 27. Kc4 Kd6 28. Kb5 Kc7 29. a4 Nc6 30. Bc3 g6 31. a5 Na7+ 32. Kc4 Kc6 33.
axb6 Kxb6 34. Bd2 Kc6 35. Be3 Nb5 36. Bxc5 Nc7 37. c3 Ne6 38. Be3 Nc7 39. Kd4 Nb5+ 40. Kd3 Nc7 41. c4 Ne6 42. Ke4 Kd6 43. h4 Nd8 44. Kf4 Ke6 45. Kg5 Kf7 46. c5 h5 47.
Kf4 Ke6 48. Ke4 Nc6 49. Bd2 Nd8 50. Bc3 Nc6 51. f3 Ne7 52. g4 hxg4 53. fxg4 Nd5 54. Bd4 Ne7 55. h5 gxh5 56. gxh5 Nf5 57. Be5 Nh6 58.
c6 Ng4 59. c7 Kd7 60. Kf5 Ne3+ 61. Kg6 Ng4 62. Bf4 1-0

[Event "Late-Titled-Tuesday-Blitz-May-28-2024"]
[Site "Chess.com"]
[Date "2024.05.28"]
[Round "2"]
[White "BAS8892"]
[Black "semchik90"]
[Result "1-0"]
[WhiteElo "2738"]
[BlackElo "2419"]
[TimeControl "180+1"]
[EndTime "14:17:59 PDT"]
[Termination "BAS8892 won on time"]

1. b3 Nf6 2. Bb2 g6 3. e4 Bg7 4.
f4 O-O 5. e5 Nd5 6. Qf3 e6 7.
Nc3 d6 8. Nxd5 exd5 9. Qxd5 dxe5 10. Qxd8 Rxd8 11. fxe5 Nc6 12. Nf3 Bg4 13. Be2 Bxf3 14. Bxf3 Nxe5 15. Bxb7 Rab8 16. Ba6 Nf3+ 17. gxf3 Bxb2 18.
Rb1 Bf6 19. Bd3 Re8+ 20. Kf2 Bh4+ 21. Kg2 Bg5 22. Rbd1 Re5 23. h4 Bf4 24. Be4 f5 25. Bd3 Rbe8 26. Bc4+ Kg7 27. d4 Re3 28. Rhf1 h6 29.
Bd3 g5 30. hxg5 hxg5 31. a4 Kf6 32. Rf2 Rh8 33. Rh1 Rxh1 34. Kxh1 Re1+ 35. Kg2 Be3 36. Re2 Rxe2+ 37. Bxe2 Bxd4 38. Bd3 Ke5 39. Kg3 Be3 40. a5 Bd2 41. a6 Be1+ 42. Kg2 Kf4 43. Kf1 Bd2 44.
Ke2 Bc3 45. Bc4 g4 46. fxg4 fxg4 47. Be6 g3 48. Bd5 Bb4 49. Kd3 Be1 50. c3 Bf2 51.
b4 Bb6 52. c4 Bf2 53. c5 Ke5 54. Kc4 Be1 55. b5 Bf2 56. Bg2 Kf4 57. Kd5 Be3 58. b6 cxb6 59. c6 1-0

[Event "Late-Titled-Tuesday-Blitz-May-28-2024"]
[Site "Chess.com"]
[Date "2024.05.28"]
[Round "2"]
[White "ChessWarrior3"]
[Black "gxbg2000"]
[Result "1-0"]
[WhiteElo "2448"]
[BlackElo "1991"]
[TimeControl "180+1"]
[EndTime "14:17:59 PDT"]
[Termination "ChessWarrior3 won by resignation"]

1. e4 c5 2. Nf3 d6 3. d4 cxd4 4. Nxd4 Nc6 5. Bb5 Bd7 6. Nc3 Nf6 7. Bg5 e6 8. O-O Be7 9. Qd2 O-O 10. Rad1 Ne5 11.
Be2 Ng6 12. f4 a6 13. f5 exf5 14. Nxf5 Bxf5 15. exf5 Ne5 16. Bxf6 gxf6 17. Nd5 Kh8 18. Qh6 Rg8 19. Rf4 Rg7 20. Rh4 Rc8 21. c3 b5 22.
Rdd4 Qf8 23. Rh5 Bd8 24. Rdh4 Qg8 25. g3 Rc5 26. Nxf6 Bxf6 27. Qxf6 Nd7 28. Qxd6 f6 29. Re4 Re5 30. Rxe5 Nxe5 31. Qxf6 Qd5 32. Qf8+ Rg8 33. Qe7 Rg7 34. Qh4 Nf3+ 35. Bxf3 Qxf3 36. Qd8+ Rg8 37.
Qd4+ Rg7 38. Rg5 Qb7 39. f6 Rf7 40. Qd8+ 1-0

[Event "Late-Titled-Tuesday-Blitz-May-28-2024"]
[Site "Chess.com"]
[Date "2024.05.28"]
[Round "2"]
[White "HowTo2Draw"]
[Black "jcibarra"]
[Result "0-1"]
[WhiteElo "2569"]
[BlackElo "2908"]
[TimeControl "180+1"]
[EndTime "14:18:00 PDT"]
[Termination "jcibarra won by resignation"]

1. e4 c5 2. Nf3 Nc6 3. d4 cxd4 4. Nxd4 e6 5. Nc3 Bc5 6. Nb3 Bb4 7. Bd2 Nge7 8. a3 Bxc3 9. Bxc3 O-O 10. Bd3 f5 11. exf5 Nxf5 12. O-O d5 13. Qh5 e5 14. Rad1 g6 15. Qe2 Qd6 16. f4 exf4 17. Bxf5 Bxf5 18. Nd4 Rae8 19. Qd2 Re4 20. Nb5 Qc5+ 21. Nd4 Bg4 22. b4 Qb6 23. b5 Ne5 24. Rde1 Nc4 25. Qd3 Ne3 26. Rf2 Rc8 27. Ba1 Nxc2 28. Nxc2 Rxc2 29.
Rf1 Rxf2 30. Rxf2 Re1+ 0-1

[Event "Late-Titled-Tuesday-Blitz-May-28-2024"]
[Site "Chess.com"]
[Date "2024.05.28"]
[Round "2"]
[White "jinxy2009"]
[Black "toninhojit"]
[Result "0-1"]
[WhiteElo "2294"]
[BlackElo "2529"]
[TimeControl "180+1"]
[EndTime "14:18:00 PDT"]
[Termination "toninhojit won by resignation"]

1. c4 c5 2. Nf3 Nc6 3. g3 e5 4. d3 g6 5. Nc3 Bg7 6. Bg2 Nge7 7. O-O O-O 8. Rb1 d6 9. a3 f5 10. Nd2 Be6 11. b4 Qd7 12. Nd5 Rab8 13. e3 Bf7 14.
b5 Nd8 15. a4 Nxd5 16. cxd5 Re8 17. Nc4 Bf8 18. a5 Qe7 19. e4 Qf6 20. h4 Qg7 21. h5 gxh5 22. exf5 h4 23. Qf3 Kh8 24. g4 Be7 25. Kh2 Rg8 26. Bh3 Be8 27. g5 Bxg5 28. Rg1 Qh6 29. Bxg5 Rxg5 30. Rxg5 Qxg5 31. Nxd6 Bh5 32.
Qe3 Qe7 33. Nc4 Nf7 34. d6 Qf6 35. Qxc5 Rg8 36. d7 Ng5 37. Nxe5 Nxh3 38. Qd4 Nxf2 39.
Nf7+ Kg7 40. Rg1+ Ng4+ 41. Rxg4+ Bxg4 42. d8=Q Rxd8 43. Qxg4+ Kxf7 44. Qh5+ Kg7 0-1

[Event "Late-Titled-Tuesday-Blitz-May-28-2024"]
[Site "Chess.com"]
[Date "2024.05.28"]
[Round "2"]
[White "lachesisQ"]
[Black "chess94cu"]
[Result "0-1"]
[WhiteElo "3055"]
[BlackElo "2640"]
[TimeControl "180+1"]
[EndTime "14:18:01 PDT"]
[Termination "chess94cu won by checkmate"]

1. e4 c6 2. d4 d5 3. e5 Bf5 4.
h4 h5 5. Bd3 Bxd3 6. Qxd3 e6 7.
Bg5 Qa5+ 8. Nd2 Qa6 9. Qf3 c5 10. c3 Nc6 11. Ne2 cxd4 12. cxd4 Bb4 13. O-O Bxd2 14.
Bxd2 Nge7 15. Rfe1 Nf5 16. Qf4 Rc8 17. Bc3 b5 18. a3 O-O 19. Qg5 g6 20. Rad1 Qb7 21. Nf4 Qe7 22. Qxe7 Nfxe7 23. g3 a5 24. Nd3 Nf5 25.
Kg2 Nfxd4 26. Nc5 Nf5 27. b4 a4 28. Bd2 Rfe8 29. Bg5 Rc7 30. Rd3 Rec8 31. Bf6 Na5 32.
Kf3 Nb3 33. Nxb3 axb3 34. Rxb3 Nd4+ 35. Kf4 Nxb3 36. Kg5 Kh7 37. g4 Nd4 38. Rd1 Rc4 39. Rd3 hxg4 40. h5 gxh5 41. Kxh5 Nf3 42. Be7 Rg8 43.
Rd1 Rg6 44. Bf8 Rg5# 0-1

[Event "Late-Titled-Tuesday-Blitz-May-28-2024"]
[Site "Chess.com"]
[Date "2024.05.28"]
[Round "2"]
[White "Arteler"]
[Black "Lion_DL"]
[Result "0-1"]
[WhiteElo "2260"]
[BlackElo "2517"]
[TimeControl "180+1"]
[EndTime "14:18:04 PDT"]
[Termination "Lion_DL won by checkmate"]

1. d4 Nf6 2. c4 e6 3. Nc3 Bb4 4. Qc2 d5 5. e3 O-O 6. Bd2 c5 7. a3 cxd4 8. axb4 dxc3 9. Bxc3 Ne4 10. Bd3 f5 11. Nf3 Nd7 12. O-O Ndf6 13. Bd4 dxc4 14. Bxc4 b6 15. Qb3 Re8 16. Rfd1 Qc7 17. Be5 Qe7 18.
Nd4 Bd7 19. Nxf5 Qf7 20. Nd4 Ng4 21. f3 Nxe5 22. fxe4 Nxc4 23. Qxc4 Qg6 24. Nf3 Red8 25. Ne5 Qe8 26. Nxd7 Rxd7 27. Qxe6+ Qxe6 28. Rxd7 Qxd7 29. e5 Qd2 30. e6 Qxe3+ 31. Kh1 Qxe6 32. Rf1 Rf8 33.
Ra1 Qe2 34. h3 Rf2 35. Rf1 Qxf1+ 36. Kh2 Qxg2# 0-1

[Event "Late-Titled-Tuesday-Blitz-May-28-2024"]
[Site "Chess.com"]
[Date "2024.05.28"]
[Round "2"]
[White "olawsson"]
[Black "almaguerjm"]
[Result "0-1"]
[WhiteElo "2125"]
[BlackElo "2460"]
[TimeControl "180+1"]
[EndTime "14:18:05 PDT"]
[Termination "almaguerjm won on time"]

1. d4 d5 2. c4 e6 3. Nc3 Nf6 4.
Bg5 c6 5. e3 Nbd7 6. Nf3 h6 7.
Bh4 Be7 8. Rc1 O-O 9. Bd3 Ne8 10. Bg3 f5 11. Qc2 Nb6 12. Ne5 Bd6 13. c5 Bxe5 14. Bxe5 Nd7 15. Bg3 Qe7 16. b4 g5 17. f4 Nef6 18.
fxg5 hxg5 19. Bd6 Qh7 20. Bxf8 Nxf8 21. h4 Ng6 22. h5 Nh4 23. Qf2 Qxh5 24. Be2 Ng4 25.
Bxg4 Qxg4 26. Rh2 Bd7 27. Kd2 a5 28. b5 cxb5 29. Rf1 b4 30. Ne2 Bb5 31. g3 Ng6 32.
Rfh1 a4 33. Rh6 Kf7 34. Qh2 Rg8 35.
Rh7+ Kf6 36. Rxb7 Rh8 0-1

[Event "Late-Titled-Tuesday-Blitz-May-28-2024"]
[Site "Chess.com"]
[Date "2024.05.28"]
[Round "2"]
[White "jlf287"]
[Black "RandomNoob04"]
[Result "0-1"]
[WhiteElo "2512"]
[BlackElo "2772"]
[TimeControl "180+1"]
[EndTime "14:18:08 PDT"]
[Termination "RandomNoob04 won by resignation"]

1. d4 Nf6 2. c4 c5 3. d5 b5 4.
cxb5 a6 5. g4 axb5 6. g5 Ne4 7.
Bg2 Qa5+ 8. Kf1 Nd6 9. e4 g6 10. e5 Nf5 11. Nf3 Bg7 12. h4 h5 13. Kg1 O-O 14.
Nc3 Bb7 15. Ne4 e6 16. Nf6+ Bxf6 17. gxf6 Bxd5 18. Rh3 Nc6 19. Bd2 Qa4 20. Qc1 Qg4 21. Bc3 b4 22. Rg3 Nxg3 23. fxg3 g5 24. Be1 Nxe5 25.
Nh2 Qd4+ 26. Bf2 Qxf2+ 27. Kxf2 Nd3+ 28. Ke3 Nxc1 29. Bxd5 exd5 30. Rxc1 Rfe8+ 31. Kf3 g4+ 32. Kf4 c4 33. Rd1 Rxa2 34. Rxd5 Rxb2 35. Rg5+ Kf8 36.
Rxh5 Rf2+ 37. Kxg4 Rxf6 38. Rb5 b3 39. h5 Re2 40. Nf3 Re4+ 41. Kh3 Rxf3 42. h6 Kg8 0-1

[Event "Late-Titled-Tuesday-Blitz-May-28-2024"]
[Site "Chess.com"]
[Date "2024.05.28"]
[Round "2"]
[White "PlotnikovPavel"]
[Black "carokannlover213"]
[Result "0-1"]
[WhiteElo "2457"]
[BlackElo "2738"]
[TimeControl "180+1"]
[EndTime "14:18:08 PDT"]
[Termination "carokannlover213 won by checkmate"]

1. e4 c5 2. c3 Nf6 3. e5 Nd5 4. d4 cxd4 5. Qxd4 e6 6. Bd3 Nc6 7. Qe4 f5 8. Qe2 a6 9. Nf3 b5 10. a4 b4 11. c4 Nc7 12. O-O Bc5 13. Nbd2 O-O 14. Nb3 Be7 15. c5 Bb7 16. Bc4 Rc8 17. Bd2 Qe8 18. Ne1 f4 19. Nd3 f3 20. gxf3 Na5 21. Nf4 Nxc4 22. Qxc4 Nd5 23. Ng2 Qf7 24. f4 Qg6 25. f3 Rf5 26. Rfe1 Rcf8 27. Re4 Rh5 28. Be1 Bh4 29. Bxh4 Rxh4 30. f5 Rxe4 31.
fxe4 Qg4 32. Qf1 Ne3 33. Qf4 Qxg2# 0-1

[Event "Late-Titled-Tuesday-Blitz-May-28-2024"]
[Site "Chess.com"]
[Date "2024.05.28"]
[Round "2"]
[White "brunoo2003"]
[Black "chess_sharparchitect"]
[Result "1-0"]
[WhiteElo "2572"]
[BlackElo "2366"]
[TimeControl "180+1"]
[EndTime "14:18:08 PDT"]
[Termination "brunoo2003 won on time"]

1. d4 Nf6 2. c4 e6 3. Nc3 Bb4 4. Qc2 O-O 5. Nf3 d5 6. a3 Bxc3+ 7. Qxc3 dxc4 8. Qxc4 b6 9. Bg5 Ba6 10. Qc2 Nbd7 11.
Rd1 h6 12. h4 c5 13. dxc5 bxc5 14. Bxf6 gxf6 15. Qd2 Bb5 16. Qxh6 Qa5+ 17. b4 cxb4 18.
Rh3 bxa3+ 19. Nd2 Ne5 20. Rg3+ Ng6 21. h5 Be8 22. hxg6 fxg6 23. Ra1 Rd8 24. Raxa3 Qxa3 25. Rxa3 Bc6 26. Rh3 Kf7 27. Qh7+ Ke8 28. Qxg6+ Kd7 29.
Rh7+ Kc8 30. e4 Rd6 31. Ba6+ 1-0

[Event "Late-Titled-Tuesday-Blitz-May-28-2024"]
[Site "Chess.com"]
[Date "2024.05.28"]
[Round "2"]
[White "FredddieCroderg"]
[Black "joksijoksi"]
[Result "0-1"]
[WhiteElo "2281"]
[BlackElo "2527"]
[TimeControl "180+1"]
[EndTime "14:18:11 PDT"]
[Termination "joksijoksi won by checkmate"]

1. e4 c5 2. Bc4 e6 3. Qf3 Nc6 4. d3 a6 5. Nc3 Nd4 6. Qd1 Ne7 7. Nf3 Nec6 8. O-O Be7 9. Be3 O-O 10. a3 b5 11. Ba2 Bb7 12. Kh1 d6 13. Qd2 Bf6 14. Rab1 Nxf3 15. gxf3 Nd4 16. f4 d5 17. e5 Nf3 18.
Qe2 d4 19. Ne4 dxe3 20. Qxf3 e2 21. Rg1 Be7 22. Nf6+ Bxf6 23. Qxb7 Bh4 24. Qg2 g6 25. Rbe1 Qd4 26. Rxe2 Qxf4 27. Qh3 Be7 28. Re4 Qxf2 29. Rf1 Qxc2 30. Ref4 c4 31. dxc4 Qxb2 32. Bb1 Qxe5 33. Qg3 Bd6 34. h4 Kh8 35. Kg2 bxc4 36. Kh3 Rab8 37. Qg4 Rb3+ 38. R4f3 Qh2# 0-1

[Event "Late-Titled-Tuesday-Blitz-May-28-2024"]
[Site "Chess.com"]
[Date "2024.05.28"]
[Round "2"]
[White "el008"]
[Black "ckgchess"]
[Result "1-0"]
[WhiteElo "2575"]
[BlackElo "2867"]
[TimeControl "180+1"]
[EndTime "14:18:12 PDT"]
[Termination "el008 won on time"]

1. Nf3 Nf6 2. g3 g6 3. Bg2 Bg7 4. O-O O-O 5. d4 d6 6. b3 c5 7.
Bb2 cxd4 8. Nxd4 d5 9. c4 dxc4 10. bxc4 Na6 11. Qc2 Qb6 12. Nb3 Nb4 13. Qc1 Bf5 14.
c5 Qa6 15. Nd4 Bd7 16. Nd2 Rac8 17. N2b3 Rfd8 18. Qe1 Nc6 19. Qc3 Nxd4 20. Nxd4 e5 21. Nf3 Ne4 22. Qb4 Nxc5 23. Bxe5 Qb5 24. Qh4 Bc6 25.
Bxg7 Kxg7 26. Nd4 Qa4 27. e3 Bxg2 28. Kxg2 Kg8 29. Kg1 Nd3 30. Qg5 Qd7 31. Rad1 Rc5 32.
Qf6 Nb2 33. Ne6 fxe6 34. Rxd7 Rxd7 35. Qxe6+ Rf7 36. Rb1 Nd3 37. Rxb7 Rc1+ 38. Kg2 Ne5 39. Rb8+ Kg7 40. Qxe5+ 1-0

[Event "Late-Titled-Tuesday-Blitz-May-28-2024"]
[Site "Chess.com"]
[Date "2024.05.28"]
[Round "2"]
[White "Javadovvv"]
[Black "egnfanclub"]
[Result "1-0"]
[WhiteElo "2540"]
[BlackElo "2339"]
[TimeControl "180+1"]
[EndTime "14:18:12 PDT"]
[Termination "Javadovvv won by resignation"]

1. d4 d5 2. Nf3 Nf6 3. Bf4 Bf5 4. e3 e6 5. Bd3 Bg6 6. O-O Be7 7. Nbd2 O-O 8. Qe2 c5 9. c3 Nc6 10. h3 Ne4 11.
Ne5 Nxe5 12. Bxe5 f6 13. Bh2 c4 14. Bxe4 Bxe4 15. Nxe4 dxe4 16. Qxc4 Qd5 17. Qe2 b5 18. b3 Rac8 19. Rac1 Ba3 20. Rc2 a6 21. c4 bxc4 22. bxc4 Qa5 23. Rd1 Rfd8 24. Bg3 Qb4 25. d5 e5 26. c5 Rxc5 27. Rcd2 Rd6 28. Kh2 a5 29. Qg4 Qc4 30. Bh4 Bc1 31. Re2 Rcxd5 32. Rxd5 Rxd5 33.
Bxf6 Qc7 34. Rc2 Qd7 35. Rc8+ Kf7 36. Rc7 1-0

[Event "Late-Titled-Tuesday-Blitz-May-28-2024"]
[Site "Chess.com"]
[Date "2024.05.28"]
[Round "2"]
[White "boguszp"]
[Black "Onthequiet"]
[Result "0-1"]
[WhiteElo "2015"]
[BlackElo "2452"]
[TimeControl "180+1"]
[EndTime "14:18:12 PDT"]
[Termination "Onthequiet won on time"]

1. d4 b6 2. Nf3 Bb7 3. Bf4 g6 4.
e3 Bg7 5. h3 Nf6 6. Be2 O-O 7.
O-O c5 8. Nbd2 d6 9. c3 Nc6 10. Rc1 Rc8 11. Bh2 d5 12. dxc5 bxc5 13. Qb3 Qb6 14. Rfd1 c4 15. Qc2 Rfd8 16. e4 e6 17. exd5 exd5 18. Ne5 Bh6 19. Ng4 Nxg4 20. Bxg4 f5 21.
Bf3 Qc5 22. Rb1 Bg7 23. Nf1 Ne5 24. Be2 Bc6 25. Nd2 Nf7 26. Nf3 Re8 27. Nd4 Bd7 28. Bf3 Ne5 29. Bxe5 Rxe5 30. Re1 Rce8 31. Qd2 Kf7 32.
Rbd1 Rxe1+ 33. Rxe1 Rxe1+ 34. Qxe1 Bxd4 35. cxd4 Qxd4 0-1

[Event "Late-Titled-Tuesday-Blitz-May-28-2024"]
[Site "Chess.com"]
[Date "2024.05.28"]
[Round "2"]
[White "merinasian"]
[Black "Lavandum24"]
[Result "1-0"]
[WhiteElo "2438"]
[BlackElo "1782"]
[TimeControl "180+1"]
[EndTime "14:18:12 PDT"]
[Termination "merinasian won on time"]

1. d4 Nc6 2. Nf3 d6 3. g3 e5 4.
Bg2 e4 5. Ng5 d5 6. c4 h6 7.
cxd5 Qxd5 8. Nxe4 Qxd4 9. O-O Qxd1 10. Rxd1 Be7 11. Nbc3 Nf6 12. Nb5 Bd8 13. Nxf6+ gxf6 14. Bf4 Ne5 15. Rac1 c6 16. Nd6+ Ke7 17. Nxc8+ Rxc8 18. Bh3 Rc7 19. Rd2 b6 20. Rcd1 c5 21. Bxe5 fxe5 22.
Rd7+ Rxd7 23. Rxd7+ Kf6 24. Rxa7 Re8 25. Ra8 Kg5 26.
Bd7 Rf8 27. Rb8 f5 28. Kg2 f4 29. h4+ Kh5 30. Kh3 fxg3 31. fxg3 Kg6 32. e4 h5 33. Bf5+ Kh6 34. Rc8 Kg7 35. Rc6 Rf6 36. Rc8 Rf8 37. g4 hxg4+ 38. Kxg4 Rh8 39. h5 Rg8 40. Be6 Rf8 41.
Bf5 Rg8 42. Rc6 Kf7+ 43. Bg6+ Kg7 44. Kf5 Rf8+ 45. Kxe5 Rf6 46. Rxf6 Bxf6+ 47. Kd5 Bxb2 48. e5 Kf8 49. Kd6 Bc1 50. e6 Bg5 51. h6 Be7+ 52.
Kd7 c4 53. h7 Kg7 54. h8=Q+ 1-0

[Event "Late-Titled-Tuesday-Blitz-May-28-2024"]
[Site "Chess.com"]
[Date "2024.05.28"]
[Round "2"]
[White "ValeriyGrinev"]
[Black "LastGladiator1"]
[Result "0-1"]
[WhiteElo "2588"]
[BlackElo "2989"]
[TimeControl "180+1"]
[EndTime "14:18:13 PDT"]
[Termination "LastGladiator1 won by checkmate"]

1. d4 Nf6 2. c4 g6 3. Nc3 Bg7 4. e4 d6 5. Be2 O-O 6. Nf3 e5 7. O-O h6 8. Be3 Ng4 9. Bc1 Nc6 10. d5 Ne7 11. Ne1 f5 12. f3 Nf6 13. Be3 f4 14.
Bf2 g5 15. c5 h5 16. a4 g4 17. Kh1 Ng6 18. a5 dxc5 19. Bxc5 Ne8 20. fxg4 hxg4 21. Bxg4 Rf6 22. Rc1 Nh4 23. Bxc8 Rxc8 24. Nf3 Rh6 25. Bxa7 Ra8 26. Bf2 Ng6 27. b4 Nf6 28. Ng5 Nh5 29. Ne6 Qd7 30. Kg1 Bf6 31. Na4 Rc8 32. Qc2 Qh7 33.
Nb6 Re8 34. Qxc7 Be7 35. Nc8 f3 36. Nxe7+ Nxe7 37. g3 Nf4 38. Qd7 Ne2+ 39. Kh1 Rxh2# 0-1

[Event "Late-Titled-Tuesday-Blitz-May-28-2024"]
[Site "Chess.com"]
[Date "2024.05.28"]
[Round "2"]
[White "Goryachkina"]
[Black "NovakRatko"]
[Result "1-0"]
[WhiteElo "2693"]
[BlackElo "2370"]
[TimeControl "180+1"]
[EndTime "14:18:13 PDT"]
[Termination "Goryachkina won by resignation"]

1. e4 d5 2. exd5 c6 3. Nf3 cxd5 4. d4 Nc6 5. Bd3 Bg4 6. c3 f6 7. Be2 e6 8. Bf4 Bd6 9. Bxd6 Qxd6 10. Nbd2 Bh5 11.
Nf1 Nge7 12. Ne3 O-O 13. O-O h6 14. Re1 e5 15. dxe5 fxe5 16. Nc4 Qf6 17. Ncxe5 Nxe5 18. Nxe5 Qxf2+ 19. Kh1 Be8 20. Rf1 Qh4 21. Rxf8+ Kxf8 22. Bd3 Qf6 23. Qe2 Kg8 24. Rf1 Qe6 25. h3 Nc6 26. Qf2 Bh5 27. Nxc6 bxc6 28. Re1 Qf7 29. Qc5 Qf6 30. Qe7 Qf2 31. Rf1 Qg3 32. Qe6+ Kh8 33. Qf5 g6 34. Qf6+ Kg8 35. Qxc6 Rd8 36. Qe6+ Kh8 37. Qf6+ Kg8 38. Qxd8+ 1-0

[Event "Late-Titled-Tuesday-Blitz-May-28-2024"]
[Site "Chess.com"]
[Date "2024.05.28"]
[Round "2"]
[White "MKlose11"]
[Black "artin10862"]
[Result "0-1"]
[WhiteElo "2603"]
[BlackElo "3029"]
[TimeControl "180+1"]
[EndTime "14:18:15 PDT"]
[Termination "artin10862 won by resignation"]

1. e4 e5 2. Nf3 Nc6 3. d4 exd4 4. Bc4 Nf6 5. O-O Nxe4 6. Re1 d5 7. Bxd5 Qxd5 8. Nc3 Qh5 9. Nxe4 Be7 10. Bg5 O-O 11.
Bxe7 Nxe7 12. Nxd4 Qh6 13. Qd2 Qb6 14. c4 Nf5 15. c5 Qg6 16. Nxf5 Bxf5 17. Ng3 Be6 18.
Qf4 Rac8 19. a3 Qc2 20. b4 Rfd8 21. h3 h6 22. Rac1 Qb2 23. Qe3 Rd5 24. Rcd1 Rcd8 25.
Rxd5 Rxd5 26. Ne2 Re5 27. Qd3 Bf5 28. Qd8+ Kh7 29. Qd1 Qxa3 30. Nd4 Rd5 31. Qb3 Qxb3 32. Nxb3 b6 33. g4 Be6 34. Re3 Rd1+ 35. Kg2 Rb1 36.
Nd4 Bd5+ 37. Kg3 Rxb4 38. Nf5 Be6 39. Nh4 bxc5 40. f4 Rb3 41. Kf3 a5 42. f5 Bd5+ 43. Ke2 Rxe3+ 44. Kxe3 a4 0-1